 Dungeon Crawl Stone Soup version 0.23.1 (webtiles) character file.

Game seed: 6266194111579996934

72 PentaManta the Cutter (level 4, 0/31 HPs)
             Began as a Halfling Abyssal Knight on Mar 13, 2019.
             Was a Follower of Lugonu.
             Slain by Grinder (4 damage)
             ... on level 3 of the Dungeon.
             The game lasted 00:04:57 (2085 turns).

PentaManta the Cutter (Halfling Abyssal Knight)     Turns: 2085, Time: 00:04:57

Health: 0/31       AC:  3    Str: 14    XL:     4   Next: 50%
Magic:  5/5        EV: 13    Int: 10    God:    Lugonu [*.....]
Gold:   30         SH:  0    Dex: 13    Spells: 3/3 levels left

rFire    . . .     SeeInvis .   a - +1 short sword
rCold    . . .     Gourm    .   (shield restricted)
rNeg     . . .     Faith    .   b - +0 leather armour
rPois    .         Spirit   .   (no helmet)
rElec    .         Reflect  .   (no cloak)
rCorr    .         Harm     .   (no gloves)
MR       .....                  (no boots)
Stlth    +.........             (no amulet)
HPRegen  0.10/turn              (no ring)
MPRegen  0.09/turn              (no ring)

@: no status effects
A: small, mutation resistance 1
a: Depart the Abyss, Renounce Religion


You were on level 3 of the Dungeon.
You worshipped Lugonu.
Lugonu was aware of your devotion.
You were hungry.

You visited 1 branch of the dungeon, and saw 3 of its levels.
You visited the Abyss 1 time.

You collected 30 gold pieces.

Inventory:

Hand Weapons
 a - a +1 short sword (weapon)
Missiles
 e - 35 sling bullets
 f - 50 stones
 p - 3 tomahawks (quivered)
Armour
 b - a +0 leather armour (worn)
 d - a +0 chain mail
Jewellery
 o - an uncursed amulet of regeneration {unknown}
Scrolls
 g - a scroll of teleportation {unknown}
 h - 2 scrolls of enchant armour {unknown}
 i - 5 scrolls of identify {unknown}
 k - a scroll of magic mapping {unknown}
 l - 2 scrolls of remove curse {unknown}
 n - a scroll of random uselessness {unknown}
Potions
 j - a potion of curing {unknown}
 m - a potion of heal wounds {unknown}
 q - a potion of flight {unknown}
Comestibles
 c - 3 rations


   Skills:
 + Level 3.3 Fighting
 * Level 4.6 Short Blades
 - Level 2.1 Armour
 - Level 1.1 Dodging
 - Level 2.0 Invocations


You had 3 spell levels left.
You didn't know any spells.
Your spell library was empty.

Dungeon Overview and Level Annotations

Branches:
Dungeon (3/15)

Altars:
Hepliaklqana
Xom

Annotations:
D:3 Grinder


Innate Abilities, Weirdness & Mutations

You are small and have problems with some larger weapons.
You are somewhat resistant to further mutation.


Message History

You hit Grinder.
Grinder is severely wounded.
You hit Grinder but do no damage.
Grinder is severely wounded.
Grinder barely misses you.
You hit Grinder.
Grinder is almost dead.
Grinder hits you!
You writhe in agony.
You barely miss Grinder.
Grinder is almost dead.
Grinder hits you but does no damage.
You hit Grinder.
Grinder is almost dead.
Grinder misses you.
You hit Grinder.
Grinder is almost dead.
Grinder hits you!
* * * LOW HITPOINT WARNING * * *
You writhe in agony.
You die...

#.# #.#
##'#######
#........#
#........#
#........#
#........#
#........#
#.......@#
##.###..5....#
#.....(.....#
#####......##
$(.....#
.(......#
..(...?..#
..(.......#


You could see Grinder.

Vanquished Creatures
  3 adders (D:2)
  A worm (D:2)
  A dart slug (D:1)
  2 leopard geckos (D:1)
  3 giant cockroaches (D:2)
  2 goblins
  3 hobgoblins (D:1)
  2 jackals (D:1)
  4 kobolds
  9 bats
  4 frilled lizards
  7 rats
41 creatures vanquished.

Notes
Turn   | Place    | Note
-------+----------+-------------------------------------------
     0 | Abyss:1  | PentaManta the Halfling Abyssal Knight began the quest for
                  | the Orb.
     0 | Abyss:1  | Reached XP level 1. HP: 15/15 MP: 2/2
    41 | Abyss:2  | Noticed a small abomination
    46 | Abyss:2  | Noticed an efreet
    55 | D:1      | Escaped the Abyss
   136 | D:1      | Reached XP level 2. HP: 15/20 MP: 3/3
   156 | D:1      | Reached * piety under Lugonu
   156 | D:1      | Reached skill level 3 in Short Blades
   577 | D:1      | Reached XP level 3. HP: 25/26 MP: 4/4
  1091 | D:2      | Reached skill level 4 in Short Blades
  1225 | D:2      | Reached XP level 4. HP: 17/31 MP: 5/5
  1634 | D:2      | Found a hazy altar of Hepliaklqana.
  1636 | D:2      | Found a shimmering altar of Xom.
  1637 | D:2      | Noticed a spectral ugly thing
  2069 | D:3      | Noticed Grinder
  2085 | D:3      | Slain by Grinder

Skill      XL: |  1  2  3 |
---------------+----------+-----
Short Blades   | 3 4 |  4.6
Fighting       | 3 |  3.3
Armour         | |  2.1
Dodging        | |  1.1
Invocations    | |  2.0

Action                   |  1- 3 |  4- 6 || total
-------------------------+-------+-------++-------
Melee: Short sword       |   144 |    44 ||   188
Throw: Stone             |     1 |       ||     1
       Tomahawk          |       |     5 ||     5
Invok: Depart the Abyss  |     1 |       ||     1
  Eat: Chunk             |     1 |     2 ||     3
Armor: Leather armour    |    40 |     4 ||    44
Dodge: Dodged            |   118 |    25 ||   143
